 Dungeon Crawl Stone Soup version 0.30-a0-989-g0d87f670db (webtiles) character file.

Game seed: 4363184169372867753

98 greasedhog the Slasher (level 4, -3/35 (37) HPs)
             Began as a Merfolk Fighter on Apr 3, 2023.
             Slain by Crazy Yiuf
             ... wielding a +2 quarterstaff of chaos
              (5 damage)
             ... on level 2 of the Dungeon.
             The game lasted 00:02:49 (2013 turns).

greasedhog the Slasher (Merfolk Fighter)            Turns: 2013, Time: 00:02:49

HP:   -3/35 (37)    AC:  6    Str: 16    XL:     4   Next: 69%
MP:   4/4           EV:  9    Int:  7    God:
Gold: 100           SH:  5    Dex: 15    Spells: 3/3 levels left

rFire   . . .      SeeInvis .    g - +1 dagger (drain)
rCold   . . .      Faith    .    c - +0 buckler
rNeg    . . .      Spirit   .    b - +0 scale mail
rPois   .          Reflect  .    (no helmet)
rElec   .          Rampage  .    (no cloak)
rCorr   .                        (no gloves)
Will    .....                    (no boots) Stlth
                                 (no amulet)
HPRegen 0.25/turn                (no ring)
MPRegen 0.09/turn                (no ring)

@: mighty, hasted, drained, very quick
A: (nimble swimmer 2), mertail
a: no special abilities


You were on level 2 of the Dungeon.
You visited 1 branch of the dungeon, and saw 2 of its levels.

You collected 100 gold pieces.

Inventory:

Hand Weapons
 a - a +0 long sword
 g - a +1 dagger of draining (weapon)
Missiles
 q - 2 boomerangs (quivered)
Armour
 b - a +0 scale mail (worn)
 c - a +0 buckler (worn)
Scrolls
 f - a scroll of teleportation
 h - a scroll of poison
 i - a scroll of brand weapon {unknown}
 j - a scroll of acquirement {unknown}
 n - a scroll of immolation {unknown}
 o - a scroll of summoning {unknown}
Potions
 d - 2 potions of might
 e - 2 potions of curing {unknown}
 k - a potion of heal wounds
 l - 3 potions of flight
 m - 2 potions of invisibility {unknown}
 p - a potion of mutation {unknown}


   Skills:
 + Level 4.0 Fighting
 * Level 4.4 Long Blades
 - Level 2.1 Armour
 + Level 2.4 Dodging
 - Level 3.0 Shields


You had 3 spell levels left.
You didn't know any spells.
Your spell library was empty.

Dungeon Overview and Level Annotations

Branches:
Dungeon (2/15)

Altars:

Shops:
D:1 (

Annotations:
D:2 Crazy Yiuf


Innate Abilities, Weirdness & Mutations

((You are very nimble when in or above water. (Stealth+, EV+, Speed+++)))
Your lower body shifts to a powerful aquatic tail in water.


Message History

No reachable target in view!
No reachable target in view!
No reachable target in view!
No reachable target in view!
No reachable target in view!
No reachable target in view!
No reachable target in view!
No reachable target in view!
No reachable target in view!
No reachable target in view!
No reachable target in view!
No reachable target in view!
No reachable target in view!
No reachable target in view!
You feel very mighty all of a sudden.
You open the door. You barely miss Crazy Yiuf.
Crazy Yiuf hits you with a +2 quarterstaff of chaos!
You hit Crazy Yiuf. You drain Crazy Yiuf.
Crazy Yiuf is moderately wounded.
You barely miss Crazy Yiuf.
Crazy Yiuf is moderately wounded.
Crazy Yiuf hits you with a +2 quarterstaff of chaos!
You feel drained.
You hit Crazy Yiuf.
Crazy Yiuf is severely wounded.
Crazy Yiuf hits you with a +2 quarterstaff of chaos.
Crazy Yiuf freezes you.
You closely miss Crazy Yiuf.
Crazy Yiuf is severely wounded.
Crazy Yiuf drinks a potion.
Crazy Yiuf is healed!
You puncture Crazy Yiuf!
Crazy Yiuf is heavily wounded.
Crazy Yiuf hits you with a +2 quarterstaff of chaos!
* * * LOW HITPOINT WARNING * * *
You feel yourself speed up.
You hit Crazy Yiuf.
Crazy Yiuf is almost dead.
Crazy Yiuf hits you with a +2 quarterstaff of chaos.
You die...

#.# #....# #.# #....#
#.# ♣....♣ #.# ♣...♣♣
#.# ♣♣.♣♣ #.# ♣.♣♣ #.#
♣♣.♣ ########.# ♣.♣♣
#........# ♣♣@♣
#........## #g#
#.........## ...
#..........# #...#
#..........# #..)#
#..........# #####
###........#
#........###########
###..................#


You could see Crazy Yiuf (very drained).

Vanquished Creatures
  An orc wizard (D:2)
  An adder (D:1)
  A worm (D:2)
  A dart slug (D:1)
  3 orcs (D:1)
  8 bats
  6 endoplasms
  6 giant cockroaches
  5 goblins
  4 hobgoblins
  2 kobolds
  A quokka (D:2)
  7 ball pythons
  A frilled lizard (D:1)
  6 rats
53 creatures vanquished.

Vanquished Creatures (others)
  3 plants (D:1)
3 creatures vanquished.

Grand Total: 56 creatures vanquished

Notes
Turn   | Place    | Note
-------+----------+-------------------------------------------
     0 | D:1      | greasedhog the Merfolk Fighter began the quest for the Orb.
     0 | D:1      | Reached XP level 1. HP: 18/18 MP: 1/1
    87 | D:1      | Reached XP level 2. HP: 24/24 MP: 2/2
   109 | D:1      | Reached skill level 1 in Dodging
   254 | D:1      | Found a faded altar of an unknown god.
   610 | D:1      | Found Zixotaok's Weapon Boutique.
   628 | D:1      | Reached XP level 3. HP: 28/29 MP: 3/3
  1562 | D:2      | Reached XP level 4. HP: 37/37 MP: 4/4
  2001 | D:2      | Found a runed translucent door.
  2002 | D:2      | Noticed Crazy Yiuf
  2013 | D:2      | Slain by Crazy Yiuf

Illustrated notes

Levels and vault maps discovered:
D:1:      minmay_arrival_semitransparent, layout_basic,
          shapermc_ecumenical_altar_mp_ritualfount, serial_shops, shop
D:2:      layout_rooms, dk_noncrumbling_4, minivault_25, uniq_crazy_yiuf_cottage

Skill      XL: |  1  2  3  4 |
---------------+-------------+-----
Dodging        | 1 2 |  2.4
Long Blades    | 3 4 |  4.4
Fighting       | 4 |  4.0
Armour         | |  2.1
Shields        | |  3.0

Action                     |  1- 3 |  4- 6 || total
---------------------------+-------+-------++-------
  Melee: Long sword        |     9 |       ||     9
         Dagger            |    95 |    51 ||   146
    Use: Scroll            |       |     3 ||     3
         Potion            |       |     1 ||     1
 Armour: Scale mail        |    46 |    15 ||    61
  Dodge: Dodged            |    44 |    20 ||    64
  Block: Buckler           |    20 |    10 ||    30

Table legend: (Time is in decaauts)
 A = Elapsed time spent in this place.
 B = Non-inter-level travel time spent in this place.
 C = Inter-level travel time spent in this place.
 D = Time resting spent in this place.
 E = Time spent auto-exploring this place.
 F = Levels seen in this place.
 G = Mean time per level.
                   A        B        C        D        E       F      G
               +--------+--------+--------+--------+--------+-----+--------+
         Total |   2016 |   1846 |    170 |    521 |    949 |   2 | 1008.0 |
       Dungeon |   2016 |   1846 |    170 |    521 |    949 |   2 | 1008.0 |
               +--------+--------+--------+--------+--------+-----+--------+

Top non-repeatable levels by time:
     D:1: 1501 daAuts
     D:2: 515 daAuts
